 Dungeon Crawl Stone Soup version 0.30-a0-1094-g860fb061e7 (webtiles) character file.

Game seed: 2654457575052115503

391 LobsterGuardian the Insei (level 6, -16/47 HPs)
             Began as a Demigod Transmuter on Apr 18, 2023.
             Demolished by an ogre
             ... wielding a +0 giant club
              (27 damage)
             ... on level 5 of the Dungeon.
             The game lasted 00:09:28 (2697 turns).

LobsterGuardian the Insei (Demigod Transmuter)      Turns: 2697, Time: 00:09:29

Health: -16/47     AC:  2    Str: 16    XL:     6   Next: 25%
Magic:  13/13      EV: 13    Int: 19    God:
Gold:   151        SH:  0    Dex: 27    Spells: 5/11 levels left

rFire   + . .      SeeInvis .    s - +7 rapier of Expedience {freeze, rF+ Str+3 Int+4}
rCold   . . .      Faith    .    (no shield)
rNeg    + . .      Spirit   .    a - +0 robe
rPois   .          Reflect  .    (no helmet)
rElec   .          Rampage  .    (no cloak)
rCorr   .                        (no gloves)
Will    .....                    (no boots)
Stlth   ++                       (no amulet)
HPRegen 0.27/turn                i - ring of wizardry
MPRegen 0.13/turn                j - ring "Nacsahil" {rN+ Str+2 Dex+5}

@: no status effects
A: high MP 1, forlorn, divine attributes
a: no special abilities


You were on level 5 of the Dungeon.
You visited 1 branch of the dungeon, and saw 4 of its levels.

You collected 151 gold pieces.

Inventory:

Hand Weapons
 s - the +7 rapier of Expedience (weapon) {freeze, rF+ Str+3 Int+4}
   (You found it on level 5 of the Dungeon)

   Str:       It affects your strength (+3).
   Int:       It affects your intelligence (+4).
   rF:        It protects you from fire.
Armour
 a - a +0 robe (worn)
Jewellery
 i - a ring of wizardry (left hand)
 j - the ring "Nacsahil" (right hand) {rN+ Str+2 Dex+5}
   (You found it on level 2 of the Dungeon)

   [ring of positive energy]

   Str:       It affects your strength (+2).
   Dex:       It affects your dexterity (+5).
   rN:        It protects you from negative energy.
Wands
 o - a wand of polymorph (7)
Scrolls
 e - a scroll of silence {unknown}
 h - 2 scrolls of noise
 k - a scroll of amnesia
 m - a scroll of enchant armour {unknown}
 n - a scroll of identify
 p - a scroll of immolation {unknown}
 q - a scroll of acquirement {unknown}
 t - a scroll of brand weapon {unknown}
Potions
 b - 2 potions of lignification
 c - 2 potions of heal wounds
 d - a potion of haste {unknown}
 f - a potion of invisibility {unknown}
 g - 2 potions of curing {unknown}
 l - a potion of attraction {unknown}
 r - 2 potions of ambrosia {unknown}


   Skills:
 + Level 1.4 Fighting
 + Level 0.2 Short Blades
 * Level 1.9 Dodging
 * Level 5.3 Unarmed Combat
 + Level 3.0 Spellcasting
 + Level 2.8 Transmutations
 + Level 0.1 Poison Magic


You had 5 spell levels left.
You knew the following spells:

 Your Spells              Type           Power      Damage    Failure   Level
a - Beastly Appendage     Tmut           26%        N/A       1%          1
b - Wereblood             Tmut           13%        N/A       2%          2
c - Spider Form           Tmut/Pois      8%         N/A       10%         3

Your spell library contained the following spells:

 Spells                   Type           Power      Damage    Failure   Level
 Necrotise                Necr           8%         1d4       6%          1
 Slow                     Hex            8%         N/A       6%          1
 Confusing Touch          Hex            2%         N/A       17%         3
 Vampiric Draining        Necr           2%         2d6       17%         3
 Ice Form                 Ice/Tmut       8%         N/A       32%         4
 Agony                    Necr           2%         N/A       82%         5


Dungeon Overview and Level Annotations

Branches:
Dungeon (3/15)

Portals:
Sewer: D:5

Annotations:
D:3 3 runed translucent doors, LobsterGuardian's ghost, amateur AtWr


Innate Abilities, Weirdness & Mutations

You have an increased reservoir of magic. (+10% MP)
You shall have no god before yourself.
Your divine heritage dramatically boosts your attributes as you level up.


Message History

You feel sick. The scorpion misses you. The scorpion stings you.
* * * LOW HITPOINT WARNING * * *
You are lethally poisoned!
The scorpion poisons you!
You feel much better.
You feel very sick.
The scorpion stings you but does no damage.
You barely miss the scorpion. You claw the scorpion.
The scorpion is severely wounded.
You feel very sick. The scorpion stings you.
You completely miss the scorpion.
The scorpion is severely wounded.
You feel very sick. The scorpion barely misses you.
The scorpion completely misses you.
The ogre shouts!
You hit the scorpion. You freeze the scorpion. You claw the scorpion.
You headbutt the scorpion.
You kill the scorpion!
You feel sick.
You hear a bark!
Your horns disappear.
Your talons disappear.
You feel sick.
You hear the rapid rusting of a drain.
You feel sick.
An orc wizard and an orc come into view.
You feel sick.
You feel sick.
You feel sick.
The orc wizard gestures wildly while chanting.
The orc wizard flickers and vanishes!
Deactivating autopickup; reactivate with Ctrl-A.
An orc comes into view. It is wielding a +0 dagger.
You feel sick.
You are no longer poisoned.
The giant cockroach waves its antennae.
The ogre attacks as you move away!
The ogre hits you with a +0 giant club!!
Ouch! That really hurt!
You die...

#.....................#
#.........#####.......#
#.....#...#~~~#......##
#....##...#~~~#......#
#...####..#~∩~#......#
#..## ##..#BS~#...#..#
########...#BB~#.#.###.
......†..#O##+##.#. #.
......†.##.@.......
.####..########...# #..
### ...# .... ....
.....


You could see an ogre, an adder and 3 giant cockroaches.

Vanquished Creatures
  A scorpion (D:5)
  2 howler monkeys (D:5)
  3 hounds (D:5)
  3 gnolls (D:5)
  6 adders
  A shadow imp (D:5)
  2 white imps (D:5)
  2 worms (D:2)
  A dart slug (D:3)
  A giant cockroach (D:1)
  9 goblins
  2 hobgoblins (D:1)
  8 jackals
  3 kobolds
  3 quokkas
  3 ball pythons
  4 bats
  A frilled lizard (D:1)
  3 rats
58 creatures vanquished.

Notes
Turn   | Place    | Note
-------+----------+-------------------------------------------
     0 | D:1      | LobsterGuardian the Demigod Transmuter began the quest for
                  | the Orb.
     0 | D:1      | Reached XP level 1. HP: 15/15 MP: 5/5
   164 | D:1      | Reached skill level 3 in Unarmed Combat
   386 | D:1      | Reached XP level 2. HP: 13/22 MP: 5/7
   956 | D:2      | Reached XP level 3. HP: 19/27 MP: 4/8
   959 | D:2      | Learned a level 2 spell: Wereblood
  1067 | D:2      | Identified the ring "Nacsahil" {rN+ Str+2 Dex+5}
  1710 | D:3      | Noticed LobsterGuardian's ghost (amateur AtWr)
  1718 | D:3      | Found a runed translucent gate.
  1718 | D:3      | Found a runed translucent gate.
  1718 | D:3      | Found a runed translucent gate.
  1842 | D:3      | Learned a level 3 spell: Spider Form
  1857 | D:3      | Reached skill level 4 in Unarmed Combat
  2004 | D:3      | Reached XP level 4. HP: 26/34 MP: 8/10
  2107 | D:3      | You fall into a shaft and drop 2 floors!
  2107 | D:5      | Entered Level 5 of the Dungeon
  2119 | D:5      | Reached skill level 1 in Fighting
  2172 | D:5      | Reached XP level 5. HP: 23/40 MP: 9/11
  2372 | D:5      | Noticed an ogre
  2403 | D:5      | Reached skill level 5 in Unarmed Combat
  2610 | D:5      | Found a glowing drain.
  2616 | D:5      | Identified the +7 rapier of Expedience {freeze, rF+ Str+3
                  | Int+4}
  2683 | D:5      | Reached XP level 6. HP: 30/47 MP: 13/13
  2697 | D:5      | Demolished by an ogre

Illustrated notes

Levels and vault maps discovered:
D:1:      dreamdust_arrival_beginning_and_end, layout_loops_ring
D:2:      layout_loops_ring
D:3:      layout_basic, gammafunk_ghost_split, minivault_26,
          kennysheep_generic_room_2
D:5:      minmay_opposing_rooms, layout_cave_pods, lemuel_doored_altar,
          nicolae_ru_awakened_eye, gup_sewer_entry_glass

Skill      XL: |  1  2  3  4  5 |
---------------+----------------+-----
Unarmed Combat | 3 4 5 |  5.3
Spellcasting   | 2 3 |  3.0
Transmutations | 2 |  2.8
Fighting       | 1 |  1.4
Short Blades   | |  0.2
Dodging        | |  1.9
Poison Magic   | |  0.1

Action                     |  1- 3 |  4- 6 || total
---------------------------+-------+-------++-------
  Melee: Unarmed           |   112 |    35 ||   147
         Headbutt          |    20 |    12 ||    32
         Kick              |    15 |     9 ||    24
         Punch             |     2 |     2 ||     4
         Rapier            |       |    15 ||    15
   Cast: Beastly Appendage |    32 |     7 ||    39
         Spider Form       |     1 |     2 ||     3
    Use: Scroll            |     5 |     1 ||     6
         Potion            |       |     1 ||     1
   Stab: Sleeping          |     1 |       ||     1
         Distracted        |       |     1 ||     1
 Armour: Robe              |    21 |     2 ||    23
         Skin              |       |     2 ||     2
  Dodge: Dodged            |    65 |    44 ||   109

Table legend: (Time is in decaauts)
 A = Elapsed time spent in this place.
 B = Non-inter-level travel time spent in this place.
 C = Inter-level travel time spent in this place.
 D = Time resting spent in this place.
 E = Time spent auto-exploring this place.
 F = Levels seen in this place.
 G = Mean time per level.
                   A        B        C        D        E       F      G
               +--------+--------+--------+--------+--------+-----+--------+
         Total |   2686 |   2629 |     57 |      0 |   2188 |   4 |  671.5 |
       Dungeon |   2686 |   2629 |     57 |      0 |   2188 |   4 |  671.5 |
               +--------+--------+--------+--------+--------+-----+--------+

Top non-repeatable levels by time:
     D:1: 874 daAuts
     D:2: 809 daAuts
     D:5: 589 daAuts
     D:3: 413 daAuts
